Cogmind - Beta 14 @@@ ROGUE MODE // 2024.10.02 @ 16:35:28 Player: Jay Result: Self-destructed Performance ------------- Evolutions (1) 500 Regions Visited (2) 400 Robots Destroyed (36) 180 Value Destroyed (460) 460 Prototype IDs (2) 40 Alien Tech Used (0) 0 Bonus (0) 0 TOTAL SCORE: 1580 Bonus ------- None Cogmind --------- Core Integrity 361/400 Matter 295/300 Energy 250/250 System Corruption 0% Temperature Cool (69) Movement Rolling (90) Location -9/Materials Parts ------- > --- POWER (1) -------- Ion Engine > --- PROPULSION (2) --- Wheel Compact Wheel > --- UTILITY (4) ------ Targeting Computer Medium Armor Plating Medium Armor Plating > --- WEAPON (2) ------- Improved EM Shotgun Heavy Hammer > --- INVENTORY (5) ---- Improved Terrain Scanner Spread Laser Spread Laser Spread Laser Spread Laser Peak State ------------ > --- POWER ------------ Ion Engine > --- PROPULSION ------- Compact Wheel Compact Wheel > --- UTILITY ---------- Improved Heat Sink Medium Armor Plating Medium Armor Plating Medium Armor Plating > --- WEAPON ----------- Heavy Hammer Heavy Hammer > --- INVENTORY -------- Improved Terrain Scanner Spread Laser Spread Laser Spread Laser Spread Laser [Rating: 17] Favorites ----------- Power Ion Engine Engine Ion Engine Propulsion Compact Wheel Leg Aluminum Leg Wheel Compact Wheel Utility Medium Armor Plating Device Seismic Detector Processor Signal Interpreter Protection Medium Armor Plating Weapon Spread Laser Energy Gun Spread Laser Energy Cannon Advanced Beam Cannon Impact Weapon Heavy Hammer Build | -11 -10 -9 ------- Run | Yrd Mat Mat Slots Evolved 2 | . . 2 Power . | . . . Propulsion . | . . . Utility 2 | . . 2 Weapon . | . . . Parts Attached 24 | 8 6 10 Power 1 | 1 . . Engine 1 | 1 . . Core . | . . . Reactor . | . . . Propulsion 5 | 3 . 2 Treads . | . . . Leg 1 | 1 . . Wheel 4 | 2 . 2 Hover . | . . . Flight . | . . . Utility 9 | 2 4 3 Device 3 | 2 1 . Storage . | . . . Processor 2 | . 1 1 Hackware . | . . . Protection 4 | . 2 2 Artifact . | . . . Weapon 9 | 2 2 5 Energy Gun 6 | 2 2 2 Energy Cannon 1 | . . 1 Ballistic Gun . | . . . Ballistic Cannon . | . . . Launcher . | . . . Special Weapon . | . . . Impact Weapon 2 | . . 2 Slashing Weapon . | . . . Piercing Weapon . | . . . Special Melee Weapon . | . . . Unidentified Prototypes 2 | . . 2 Parts Lost 1 | . . 1 Power . | . . . Propulsion . | . . . Utility 1 | . . 1 Weapon . | . . . Highest Loss Streak 1 | . . 1 To Critical Strikes . | . . . Average Slot Usage (%) 96 | . 99 91 Engine 13 | . 14 11 Wheel 26 | . 28 22 Device 14 | . 19 3 Processor 1 | . 2 . Protection 14 | . 5 32 Energy Gun 20 | . 27 5 Impact Weapon 5 | . . 16 Peak Build Rating 17 | 9 13 17 Average Rating 11 | 4 10 15 On Entrance 7 | . 9 13 Naked Turns . | . . . Heaviest Build 33 | 11 25 33 Greatest Support 32 | 32 32 32 Greatest Overweight (x) 1 | . . 1 Average Overweight (x) . | . . . Largest Inventory Capacity 5 | 5 5 5 Average Capacity 5 | 5 5 5 Most Carried 5 | 3 5 5 Average Carried 4 | 1 4 4 Final Capacity 5 | 5 5 5 Final Carried 5 | 3 5 5 Class Distribution -------------------- 100% | Mutant Dominant Class ---------------- Mutant | -10/Materials Mutant | -9/Materials Resources | -11 -10 -9 ----------- Run | Yrd Mat Mat Matter Collected 430 | 280 60 90 Remotely . | . . . Salvage Created 1260 | 143 371 746 Parts 57 | 7 19 31 Haulers Intercepted 4 | . 2 2 Recyclers Shooed 1 | . 1 . Parts Field Recycled . | . . . Retrieved Matter . | . . . Parts Self-Destructed . | . . . Prevented . | . . . Kills | -11 -10 -9 ------- Run | Yrd Mat Mat Combat Hostiles Destroyed 13 | . 2 11 Melee 2 | . . 2 Guns 8 | . 2 6 AOE 1 | . . 1 Classes Destroyed 10 | 2 6 2 Worker 6 | . 5 1 Tunneler 2 | 2 . . Hauler 4 | . 2 2 Recycler 6 | 1 1 4 Mechanic 1 | . 1 . Operator 1 | . 1 . Watcher 3 | . 1 2 Swarmer 7 | . . 7 Grunt 4 | . 2 2 Sentry 2 | . . 2 Best Kill Streak 9 | 2 4 9 Combat Bots Only 4 | . 1 4 Max Kills in Single Turn 2 | 1 2 1 Gunslinging . | . . . Exploded 1 | . . 1 Melee 1 | . . 1 Uniques/NPCs Destroyed . | . . . Combat | -11 -10 -9 -------- Run | Yrd Mat Mat Hostile Shots Fired 59 | . 12 47 Missed 19 | . 3 16 Damage Taken 473 | . 101 372 Core 39 | . . 39 Absorbed by Shields . | . . . Core Remaining (%) 100 | 100 100 . Volleys Fired 51 | 6 31 14 Largest 2 | 2 2 1 Hottest 130 | 80 130 45 Shots Fired 88 | 12 62 14 Gun 88 | 12 62 14 Cannon . | . . . Launcher . | . . . Special . | . . . Kinetic . | . . . Thermal 44 | . 44 . Explosive . | . . . Electromagnetic 44 | 12 18 14 Robot Hit Streak 9 | 9 7 5 Robot Miss Streak 13 | 1 13 3 Penetration Max . | . . . Secondary Targets . | . . . Shots Hit Robots 79 | 9 40 30 Core Hits 63 | 4 46 13 Critical Kills . | . . . Critical Parts Destroyed 3 | . . 3 Critical Strikes 4 | 1 . 3 Corrupt 1 | 1 . . Smash 3 | . . 3 Melee Attacks 23 | . . 23 Impact 23 | . . 23 Slashing . | . . . Piercing . | . . . Sneak Attacks 6 | . . 6 Combat Hostiles . | . . . Follow-up Attacks 2 | . . 2 Damage Inflicted 1892 | 153 521 1218 Guns 820 | 121 521 178 Cannons . | . . . Explosions 137 | 32 . 105 Melee 935 | . . 935 Ramming . | . . . Kinetic . | . . . Thermal 558 | 32 421 105 Explosive . | . . . Electromagnetic 399 | 121 100 178 Impact 935 | . . 935 Slashing . | . . . Piercing . | . . . Highest Corruption . | . . . Average Corruption . | . . . Corruption Purged . | . . . Corruption Blocked . | . . . Overload Shots . | . . . Overflow Damage 316 | 2 . 314 Projectiles . | . . . Explosions 2 | 2 . . Melee 314 | . . 314 Knockbacks 3 | . . 3 Impact 3 | . . 3 Kinetic . | . . . Secondary . | . . . Self-Inflicted Damage 65 | . . 65 Shots 2 | . . 2 Rammed . | . . . Targets Rammed . | . . . Kicked . | . . . Crushed . | . . . Highest Temperature 303 | 72 303 108 Average Temperature 88 | 32 104 46 Received Heat Transfer 87 | . 57 30 Effects 5 | . 5 . Energy Bleed 3 | . 3 . Interference 2 | . 2 . Siege Activations . | . . . Robots Corrupted 6 | . 1 5 Combat Hostiles 2 | . . 2 Parts Fried 14 | 1 . 13 Impact Corruptions 10 | . . 10 Robots Melted . | . . . Combat Hostiles . | . . . Parts Melted . | . . . Heat Transferred 705 | 50 505 150 Parts Sabotaged . | . . . Parts Stolen . | . . . Parts Stripped . | . . . Power Chain Reactions 3 | 1 . 2 Alert | -11 -10 -9 ------- Run | Yrd Mat Mat Peak Influence 352 | 15 94 352 Initial 9 | . 9 . Average 55 | 5 31 118 Maximum Alert Level 1 | . . 1 Low Security (%) 95 | 100 100 86 Level 1 4 | . . 13 Level 2 . | . . . Level 3 . | . . . Level 4 . | . . . Level 5 . | . . . High Security . | . . . Max Security . | . . . Squads Dispatched 2 | . 1 1 Investigation . | . . . Extermination . | . . . Reinforcement 2 | . 1 1 Assault . | . . . Garrison . | . . . Intercept . | . . . Searches Triggered . | . . . Construction Impeded . | . . . Haulers Reinforced . | . . . Active Scanning Responses . | . . . Cargo Convoy Interrupts . | . . . Stealth | -11 -10 -9 --------- Run | Yrd Mat Mat Distress Signals 2 | . 1 1 Communications Jammed . | . . . Distress Signals . | . . . Times Spotted 19 | . 4 15 Peak Tracking Total 4 | . 2 4 Tactical Retreats . | . . . Traps | -11 -10 -9 ------- Run | Yrd Mat Mat Traps Triggered . | . . . Indirectly . | . . . Trap Hack Attempts . | . . . Triggered . | . . . Disarmed . | . . . Reprogrammed . | . . . Reused . | . . . Traps Extracted . | . . . Installed . | . . . Triggered . | . . . Machines | -11 -10 -9 ---------- Run | Yrd Mat Mat Machines Disabled 1 | . . 1 Max in Single Turn 1 | . . 1 Machines Repaired . | . . . Machines Dismantled . | . . . Machines Sabotaged . | . . . Overloaded Fab Kills . | . . . Hacking | -11 -10 -9 --------- Run | Yrd Mat Mat Machines Accessed 3 | . 3 . Terminals 3 | . 3 . Fabricators . | . . . Repair Stations . | . . . Recycling Units . | . . . Scanalyzers . | . . . Garrison Access . | . . . Total Hacks 7 | . 7 . Successful 6 | . 6 . Failed 1 | . 1 . Catastrophic . | . . . Database Lockouts . | . . . Manual . | . . . Terminals 7 | . 7 . Fabricators . | . . . Repair Stations . | . . . Recycling Units . | . . . Scanalyzers . | . . . Garrison Access . | . . . Terminal Hacks 6 | . 6 . Robot Analysis 2 | . 2 . Scanalyzer Index 1 | . 1 . Alert Level 1 | . 1 . Maintenance Status 1 | . 1 . Transport Status 1 | . 1 . Fabricator Hacks . | . . . Repair Station Hacks . | . . . Recycling Unit Hacks . | . . . Scanalyzer . | . . . Garrison Access Hacks . | . . . Unauthorized Hacks . | . . . Terminals . | . . . Fabricators . | . . . Repair Stations . | . . . Recycling Units . | . . . Scanalyzers . | . . . Garrison Access . | . . . Data Cores Recovered . | . . . Used . | . . . Hacking Detections 1 | . 1 . Full Trace Events . | . . . Feedback Events . | . . . Feedback Blocked . | . . . Robot Schematics Acquired . | . . . Robots Built . | . . . Authchips . | . . . Time . | . . . Total Robot Build Rating . | . . . Part Schematics Acquired . | . . . Parts Built . | . . . Authchips . | . . . Time . | . . . Total Part Build Rating . | . . . Parts Repaired . | . . . Time . | . . . Parts Recycled . | . . . Recycled Matter . | . . . Retrieved Matter . | . . . Retrieved Components . | . . . Parts Scanalyzed . | . . . Part Schematics Acquired . | . . . Parts Damaged . | . . . Bothacking | -11 -10 -9 ------------ Run | Yrd Mat Mat Used RIF Installer . | . . . Robots Hacked . | . . . Non-combat . | . . . Combat . | . . . Robot Hacks Applied . | . . . Relay Couplers Released . | . . . Fabnet Peak Effective % . | . . . Robots Rewired . | . . . Allies Hacked . | . . . Hacks Repelled . | . . . Allies | -11 -10 -9 -------- Run | Yrd Mat Mat Total Allies . | . . . Largest Group . | . . . Highest-Rated Group . | . . . Highest-Rated Ally . | . . . Total Orders . | . . . Ally Attacks . | . . . Total Damage . | . . . Kills . | . . . Allies Corrupted . | . . . Allies Melted . | . . . Intel | -11 -10 -9 ------- Run | Yrd Mat Mat Robot Analysis Total 2 | . 2 . Derelict Logs Recovered . | . . . Drone Launches . | . . . Drone Recoveries . | . . . Exploration | -11 -10 -9 ------------- Run | Yrd Mat Mat Turns Passed 1321 | 115 814 392 Spaces Moved 882 | 84 597 201 Core 6 | 6 . . Treads . | . . . Legs 6 | 6 . . Wheels 870 | 72 597 201 Hover . | . . . Flight . | . . . Fastest Speed 50 | 50 100 100 Average Speed 101 | 97 100 105 Slowest Speed 120 | 120 100 115 Overloaded Moves . | . . . Propulsion Burnouts . | . . . Robots Hopped . | . . . Cave-ins Triggered . | . . . Exploration Rate (%) 35 | 5 82 18 Regions Visited 2 Branch Regions . Pre-discovered Areas . | . . . Known Exits Taken 1 | . 1 . Unknown Exits Taken 1 | 1 . . Scrap Searched . | . . . Spaces Dug . | . . . Terrain Destroyed 5 | 2 . 3 Melee . | . . . Projectile . | . . . AOE 5 | 2 . 3 Terrain Rammed . | . . . Walls Destroyed . | . . . Machines Disabled . | . . . Actions | -11 -10 -9 --------- Run | Yrd Mat Mat Total 1184 | 100 755 329 Wait 179 | . 100 79 Move 880 | 83 596 201 Hop . | . . . Pick Up 14 | 3 9 2 Fast Attach 13 | 7 5 1 Attach 2 | . . 2 Detach 2 | . 2 . Swap 9 | 1 1 7 Drop 14 | . 11 3 Fire 51 | 6 31 14 Melee 20 | . . 20 Ram . | . . . Kick . | . . . Crush . | . . . Escape Stasis . | . . . Rewire . | . . . Trap . | . . . Miscellaneous . | . . . Route ------- -11/Scrapyard -10/Materials (discovered 3 exits: *Mat x3) -9/Materials (discovered 1 exit: [*Sto]) History --------- Turn | Location | Event 3 | -11/Scrapyard | Discovered new exit (range 15) 116 | -11/Scrapyard | Entered Materials 302 | -10/Materials | Build established: Mutant 489 | -10/Materials | Discovered new exit (range 11) 561 | -10/Materials | Identified exit to Materials 843 | -10/Materials | Discovered exit to Materials (range 6) 912 | -10/Materials | Discovered exit to Materials (range 10) 930 | -10/Materials | Entered another Materials area 930 | -9/Materials | Evolved 2 slots: Utility x2 1086 | -9/Materials | Discovered new exit (range 9) 1322 | -9/Materials | Self-destructed Last Messages --------------- 01297_ A-02 Transporter suffers critical hit (Smash). 01297_ Destroyed Lgt. Treads. 01297_ A-02 Transporter system corrupted by crushing effect. 01297_ Weight Redist. System fried. 01297_ A-02 Transporter destroyed. 01300_ Acquired 10 matter. 01302_ Acquired Targeting Computer. 01302_ C-30 ARC bursts open, deploying its payload. 01302_ S-10 Pest unfolds itself. 01310_ S-10 Pest destroyed. 01311_ U-05 Engineer lays Concrete. 01311_ K-01 Serf collects debris. 01313_ U-05 Engineer builds a Wall. 01313_ Med. Armor Plating destroyed. 01314_ K-01 Serf collects debris. 01314_ S-10 Pest destroyed. 01317_ U-05 Engineer lays Concrete. 01319_ U-05 Engineer builds a Door. 01320_ S-10 Pest destroyed. 01321_ K-01 Serf collects debris. Map ----- +----------------------------------------------------+ | ????????????????????????????????????????????????? | | ######??????????????????????????????????????????? | | """ #??????????????????????????????????????????? | | """ #??????????????????????????????????????????? | | """ #??????????????????????????????????????????? | | #??????????????????????????????????????????? | | #??????????????????????????????????????????? | | #??????????????????????????????????????????? | | ###############?????????????????????????????????? | | #?????????????????????????????????? | | ! #??????????? ????????????????????? | | """"" #??????????? T ??????????????????? | | """"" #??????????? ^ ?????????????????? | | """"" #??########? ?????????????????? | | ## * #? ^ =?????????????????? | | % == ##""" #? =?????????????????? | | % =%= ##""" #? =?????????????????? | | ##########"!% ##""" ## ? #??????????????? | | #######??## ## ## #??????????????? | | #???# %##""" ## """ #??????????????? | | #???# ##""" ## """ #??????????????? | | #???# ##" * ##] """ #??????????????? | | #######??## ## =[%= ## ##### ##???????? | | ?????????# ###+;###### ! #??????? | | ?????????# tu % #??????? | | ?????????# < %== @ +??????? | | ?????????# [% """ """ """?????????? | | ?????????# ####### [=!""" """ ?????????????? | | ?????????#######?????#[%=%""" """??????????????? | | ?????????????????????#%[!!= ????????????? | | ?????????????????????#*=%*[ ???????????? | | ?????????????????????# """ ??????????? | | ?????????????????????# """ ?????????? | | ?????????????????????# k """ ??????????? | | ?????????????????????### ""T"??????????? | | ???????????????????????# """???????????? | | ???????????????????????# ?? ????????????? | | ???????????????????????# ???? ????????????? | | ???????????????????????#% ##???????????????????? | | ??????????????????????? #????????????????????? | | ??????????????????????? #????????????????????? | | ??????????????????????? #????????????????????? | | ???????????????????????# #????????????????????? | | ???????????????????????? ?????????????????????? | | ????????????????????????????????????????????????? | | ????????????????????????????????????????????????? | | ????????????????????????????????????????????????? | | ????????????????????????????????????????????????? | | ????????????????????????????????????????????????? | | ????????????????????????????????????????????????? | +----------------------------------------------------+ Best States ------------- Heat Dissipation 42 Energy Generation 10 Energy Capacity 250 Matter Stores 300 Matter Capacity 300 Sight Range 16 Terrain Scan Range 16 Terrain Scan Density 10 Armor Coverage 675 Evasion (%) 50 Targeting Accuracy 5 Item Schematics ----------------- None Robot Schematics ------------------ None Fabricated ------------ Nothing Alien Tech Used ----------------- None Achievements -------------- None Challenges ------------ None Game ------ Seed SwordFortressDrivehammer Manual? 0 Play Time 00:16:01 Cumulative 7.8 hours Start 2024.10.02 @ 16:22:54 End 2024.10.02 @ 16:35:28 Sessions 1 Manual Loads 0 Difficulty Rogue Special Mode None Game No. 27 Rogue 27 Adventurer 0 Explorer 0 Win Type - Total 0 Types 0/0/0/0/0/0/0/0/0 Lore% 5 Gallery% 13 Achievement% 14 Wizard Run 0 Options --------- Layout 0 ASCII 0 Keyboard 1 Movement Numpad Keybinds 0 Fullscreen 1 Font 18/CogNarrow Map View 76x50 Zoom Use 0% Tactical HUD 1 Map Filters NONE Filters NONE Steam 1 RUN: 2041192e-f0c3-4214-8aa1-3d29761fa1aa